 Dungeon Sprint DCSS version 0.31-a0-66-ge618eeaa78 (webtiles) character file.

Game seed: 12376334811214360640

483 sircluck the Grappler (level 6, -21/71 HPs)
             Began as a Troll Berserker on May 22, 2023.
             Was a High Priest of Trog.
             Demolished by a freezing wraith (22 damage)
             ... in the Dungeon (Sprint VII: "The Pits").
             The game lasted 00:01:41 (450 turns).

sircluck the Grappler (Troll Berserker)              Turns: 450, Time: 00:01:42

Health: -21/71     AC:  4    Str: 28    XL:     6   Next: 88%
Magic:  5/5        EV: 11    Int:  3    God:    Trog [*****.]
Gold:   0          SH:  0    Dex:  9    Spells: 5/5 levels left

rFire   . .          .
                       - Unarmed
rCold   . . .        (no shield)
rNeg    + . .        k - +0 robe {rN+}
rPois   .            (helmet restricted)
rElec   .            (no cloak)
rCorr   .            (gloves unavailable)
SInv    .            (boots unavailable)
Will    .....        (no amulet)
Stlth   +            (no ring)
HPRegen 1.11/turn    (no ring)
MPRegen 0.09/turn

%: no teleportation
@: no status effects
A: large, unfitting armour, claws 3, regeneration 1, shaggy fur 1, tough skin 1
a: Renounce Religion, Berserk, Trog's Hand, Brothers in Arms


You were in the Dungeon.
You worshipped Trog.
Trog was extremely pleased with you.
You visited 1 branch

Inventory:

Missiles
 j - 11 stones (quivered)
Armour
 a - a +0 animal skin
 k - a +0 robe of positive energy (worn)
Scrolls
 g - a scroll of blinking
 i - a scroll of butterflies
Potions
 b - 6 potions of curing
 c - 6 potions of heal wounds
 d - a potion of haste
 e - 4 potions of magic
 f - 3 potions of berserk rage
 h - 2 potions of invisibility


   Skills:
 + Level 7.2 Fighting
 + Level 0.2 Throwing
 + Level 7.4 Dodging
 + Level 9.7 Unarmed Combat


You had 5 spell levels left.
You didn't know any spells.
Your spell library was empty.

Dungeon Overview and Level Annotations

Branches:
Dungeon (1/1)

Altars:
Ashenzari
Cheibriados
Dithmenos
Elyvilon
Fedhas
Gozag
Hepliaklqana
Kikubaaqudgha
Makhleb
Nemelex Xobeh
Okawaru
Qazlal
Ru
Sif Muna
Trog
Uskayaw
Vehumet
Wu Jian
Xom
Yredelemnul
Zin
The Shining One
Jiyva
Lugonu


Innate Abilities, Weirdness & Mutations

You are too large for most types of armour.
You have claws for hands.
Your natural rate of healing is unusually fast.
You are covered in fur. (AC +1)
You have tough skin. (AC +1)


Message History

There is an open door here.
A freezing wraith is nearby!
Which direction?
You close the door.
You start waiting.
Done waiting.
You open the door.
There is an open door here.
A dream sheep comes into view.
A dream sheep comes into view.
The dream sheep bleats!
A dream sheep comes into view.
The dream sheep are wreathed in dream dust.
You feel drowsy...
You fall asleep.
The dream sheep bleats! x3
The dream sheep bites you!!
You wake up.
Unknown command.
Unknown command.
Unknown command.
Unknown command.
You mangle the dream sheep!! Your claw misses the dream sheep.
The dream sheep is severely wounded.
You closely miss the dream sheep. The freezing wraith hits you!
The freezing wraith freezes you! The freezing wraith closely misses you.
The dream sheep attacks as you move away!
The dream sheep completely misses you.
Unknown command.
You mangle the freezing wraith!!
The freezing wraith is moderately damaged.
You claw the freezing wraith!
The freezing wraith is severely damaged.
The freezing wraith hits you. The freezing wraith freezes you!!
* * * LOW HITPOINT WARNING * * *
The freezing wraith hits you but does no damage.
You barely miss the freezing wraith. Your claw misses the freezing wraith.
The freezing wraith is severely damaged.
The freezing wraith hits you!
* * * LOW HITPOINT WARNING * * *
The freezing wraith freezes you!!
You die...

############ #_________.#
#_________.#
#_______...###########++#
##########'##............
#.?..')))'.##......#..#..
##########Y##............
#.......@WY.YY.))).......
#'#####'#####......#..#..
#..#..#..##....).......
#..†..))†#####'#####++#
##+####†###..)....##++#
#........##.......##..#
#........##.......##...
#####'#####...<...###Y.
#..[)))..##.......# ##Y


You could see a freezing wraith and 4 dream sheep.

Vanquished Creatures
  A redback (D)
  2 floating eyes (D)
  A crimson imp (D)
  4 orc wizards (D)
  An adder (D)
  An orc (D)
  An endoplasm (D)
  5 jackals (D)
  A kobold (D)
  A ball python (D)
  A ball python skeleton (D)
  A frilled lizard (D)
20 creatures vanquished.

Notes
Turn   | Place    | Note
-------+----------+-------------------------------------------
     0 | D        | sircluck the Troll Berserker began the quest for the Orb.
     0 | D        | Reached XP level 1. HP: 22/22 MP: 0/0
    11 | D        | Noticed an orc wizard
    11 | D        | Noticed an orc wizard
    31 | D        | Noticed a crimson imp
    35 | D        | Killed an orc wizard
    36 | D        | Reached skill level 4 in Unarmed Combat
    36 | D        | Reached XP level 2. HP: 12/31 MP: 1/1
    47 | D        | Reached ** piety under Trog
    48 | D        | Reached skill level 5 in Unarmed Combat
    48 | D        | Reached XP level 3. HP: 25/39 MP: 2/2
    67 | D        | Reached XP level 4. HP: 46/49 MP: 3/3
    76 | D        | Noticed a floating eye
    79 | D        | Killed a floating eye
    80 | D        | Reached skill level 5 in Fighting
    80 | D        | Reached skill level 5 in Dodging
    80 | D        | Reached skill level 7 in Unarmed Combat
    80 | D        | Reached XP level 5. HP: 59/59 MP: 4/4
   103 | D        | Found a bloodstained altar of Trog.
   103 | D        | Found a shimmering blue altar of Sif Muna.
   103 | D        | Found a viscous altar of Jiyva.
   103 | D        | Found a hazy altar of Hepliaklqana.
   103 | D        | Found an opulent altar of Gozag.
   104 | D        | Found a glowing golden altar of the Shining One.
   104 | D        | Found a glowing silver altar of Zin.
   104 | D        | Found a basalt altar of Yredelemnul.
   104 | D        | Found a shimmering altar of Xom.
   104 | D        | Found an ornate altar of the Wu Jian Council.
   104 | D        | Found a sacrificial altar of Ru.
   104 | D        | Found a stormy altar of Qazlal.
   104 | D        | Found an iron altar of Okawaru.
   104 | D        | Found a sparkling altar of Nemelex Xobeh.
   104 | D        | Found a burning altar of Makhleb.
   104 | D        | Found a blossoming altar of Fedhas.
   104 | D        | Found a white marble altar of Elyvilon.
   104 | D        | Found a shadowy altar of Dithmenos.
   104 | D        | Found a snail-covered altar of Cheibriados.
   112 | D        | Reached *** piety under Trog
   143 | D        | Reached **** piety under Trog
   194 | D        | Noticed a redback
   206 | D        | Killed a redback
   207 | D        | Reached skill level 9 in Unarmed Combat
   207 | D        | Reached XP level 6. HP: 58/68 MP: 5/5
   208 | D        | Noticed a dream sheep
   208 | D        | Noticed a dream sheep
   208 | D        | Noticed a freezing wraith
   244 | D        | Found a corrupted altar of Lugonu.
   244 | D        | Found a radiant altar of Vehumet.
   245 | D        | Found a broken altar of Ashenzari.
   245 | D        | Found an ancient bone altar of Kikubaaqudgha.
   245 | D        | Found a hide-covered altar of Uskayaw.
   273 | D        | Reached ***** piety under Trog
   283 | D        | Noticed a floating eye
   286 | D        | Killed a floating eye
   289 | D        | Received a gift from Trog
   438 | D        | Noticed a dream sheep
   439 | D        | Noticed a dream sheep
   439 | D        | Noticed a dream sheep
   450 | D        | HP: 1/71 [freezing wraith (13)]
   450 | D        | Demolished by a freezing wraith

Illustrated notes

Levels and vault maps discovered:
D:        pitsprint [storerooms_1, entrance_room_1, metal_vault_5, armoury_3,
          mini_pit_1, grid_room_1, main_hall_1, silver_pit, the_coven_3,
          the_vestibule_1, steel_vault_5, golden_pit, hallway_of_sentries,
          crystal_vault_2, iron_vault_2, final_vault]

Skill      XL: |  1  2  3  4  5  6 |
---------------+-------------------+-----
Fighting       | 3 4 5 6 7 |  7.2
Dodging        | 3 4 5 6 7 |  7.4
Unarmed Combat | 4 5 7 9 |  9.7
Throwing       | |  0.2

Action                     |  1- 3 |  4- 6 || total
---------------------------+-------+-------++-------
  Melee: Unarmed           |    24 |    38 ||    62
         Punch             |       |     3 ||     3
  Throw: Stone             |       |     2 ||     2
 Armour: Animal skin       |     5 |     2 ||     7
         Robe              |       |     2 ||     2
  Dodge: Dodged            |    14 |    16 ||    30

Table legend: (Time is in decaauts)
 A = Elapsed time spent in this place.
 B = Non-inter-level travel time spent in this place.
 C = Inter-level travel time spent in this place.
 D = Time resting spent in this place.
 E = Time spent auto-exploring this place.
 F = Levels seen in this place.
 G = Mean time per level.
                   A        B        C        D        E       F      G
               +--------+--------+--------+--------+--------+-----+--------+
         Total |    442 |    425 |     17 |    109 |     50 |   1 |  442.0 |
       Dungeon |    442 |    425 |     17 |    109 |     50 |   1 |  442.0 |
               +--------+--------+--------+--------+--------+-----+--------+

Top non-repeatable levels by time:
       D: 442 daAuts
